AoeStats
← ckick123

Arabia

510849141Analyzed
2v2 RM · 11h ago on Oct 2, 2026· 36m 21s· 4 players
Game mode
Random Map
Map size
Medium (4 player)
Population
200
Speed
Normal
Resources
Standard
Victory
Conquest
Starting age
Dark Age
Ending age
Imperial Age
RankedLock teamsTeams togetherTeam positionsShared explorationLock speedFull tech treeHidden civsTurbo modeCheats
Victory
Defeat
🇦🇷 Celts · Argentina
1058
+14
🇦🇷 Poles · Argentina
1031
+15
🇹🇷 Gurjaras · Türkiye
1035
-15
🇹🇷 Bohemians · Türkiye
994
-14
ckick123
10:29 Feudal Age
11:02 Double-Bit Axe
11:00 Horse Collar
15:54 Loom
19:10 Castle Age
21:10 Squires
21:58 Pikeman
NELMAN
7:43 Loom
10:44 Feudal Age
16:34 Castle Age
16:30 Gold Mining
16:28 Double-Bit Axe
19:25 Fletching
19:57 Padded Archer Armor
23:14 Ballistics
26:14 Bloodlines
26:05 Husbandry
26:12 Scale Barding Armor
29:20 Chain Barding Armor
29:11 Forging
32:45 Wheelbarrow
33:42 Bodkin Arrow
34:22 Iron Casting
35:08 Hand Cart
37:40 Imperial Age
abraham_1575
0:58 Loom
11:04 Feudal Age
16:31 Castle Age
34:09 Pikeman
Tas biEn?
10:45 Feudal Age
11:25 Horse Collar
11:32 Double-Bit Axe
18:22 Castle Age
17:23 Stone Mining
19:44 Bow Saw
20:43 Stone Shaft Mining
21:02 Heavy Plow
25:39 Gold Mining
27:41 Wheelbarrow
30:56 Imperial Age
29:24 Hand Cart
32:48 Chemistry
31:29 Treadmill Crane
31:45 Murder Holes
32:22 Crop Rotation
32:10 Forging
32:00 Scale Mail Armor
31:39 Elite Obuch
32:01 Pikeman
33:50 Iron Casting
34:13 Squires
33:58 Arson
Connection lost

Rejoining the realm…

Still unreachable

The connection could not be restored.

Session expired

The server has moved on; the page needs a fresh start.